[Event "ICC tourney 1905 (10 3)"]
[Site "Internet Chess Club"]
[Date "2020.07.05"]
[Round "1"]
[White "KnightHopper"]
[Black "jy2020"]
[Result "0-1"]
[ICCResult "White resigns"]
[WhiteElo "1830"]
[BlackElo "1677"]
[Opening "Sicilian: Smith-Morra gambit"]
[ECO "B21"]
[NIC "SI.47"]
[Time "12:08:16"]
[TimeControl "600+3"]

1. e4 c5 2. d4 cxd4 3. c3 Nf6 4. e5 Nd5 5. cxd4 d6 6. Bc4 Nb6 7. Bb3 dxe5 8.
Nf3 exd4 9. Bf4 Nc6 10. O-O e6 11. Ng5 Be7 12. Nxf7 Kxf7 13. Qh5+ g6 14. Qh6
Nd5 15. Bxd5 Qxd5 16. Nd2 Qh5 {White resigns} 0-1

[Event "ICC tourney 1905 (10 3)"]
[Site "Internet Chess Club"]
[Date "2020.07.05"]
[Round "1"]
[White "playtowin2020"]
[Black "Pschaak"]
[Result "0-1"]
[ICCResult "White resigns"]
[WhiteElo "1529"]
[BlackElo "2030"]
[Opening "Caro-Kann: exchange variation"]
[ECO "B13"]
[NIC "CK.02"]
[Time "12:08:25"]
[TimeControl "600+3"]

1. e4 c6 2. d4 d5 3. exd5 cxd5 4. Bd3 Nc6 5. c3 Qc7 6. Nf3 Nf6 7. O-O Bg4 8.
h3 Bh5 9. Re1 e6 10. Nbd2 Bd6 11. Qc2 a6 12. Be2 Rc8 13. Qd1 Bg6 14. Nf1 b5
15. a3 Qb8 16. Ne3 a5 17. Bd3 b4 18. axb4 axb4 19. Bd2 Bxd3 20. cxb4 O-O 21.
Bc3 Be4 22. b5 Qxb5 23. Nd2 Bb4 24. Nxe4 Nxe4 25. Bxb4 Qxb4 26. Nc2 Qxb2 27.
Rb1 Qc3 28. Re3 Qc4 29. Rbb3 Na5 30. Na3 Qa4 31. Rbd3 Qxd1+ 32. Rxd1 Nc4 33.
Nxc4 Rxc4 34. f3 Nd6 35. Rb3 Nf5 36. Rbd3 Rfc8 37. g4 Nh4 38. Kh2 Rc2+ 39.
Kg3 g5 40. R1d2 Rxd2 41. Rxd2 Rc3 42. Rf2 f5 43. gxf5 exf5 44. Rf1 Kg7 45.
Re1 Rxf3+ 46. Kh2 Rf2+ 47. Kg1 Nf3+ 48. Kxf2 Nxe1 49. Kxe1 f4 50. Kf2 Kg6
51. Kf3 Kf5 52. Ke2 Ke4 {White resigns} 0-1

[Event "ICC tourney 1905 (10 3)"]
[Site "Internet Chess Club"]
[Date "2020.07.05"]
[Round "1"]
[White "RisingRook"]
[Black "allez"]
[Result "0-1"]
[ICCResult "White resigns"]
[WhiteElo "1488"]
[BlackElo "2066"]
[Opening "Sicilian: Anderssen variation"]
[ECO "B41"]
[NIC "SI.41"]
[Time "12:08:23"]
[TimeControl "600+3"]

1. e4 c5 2. Nf3 e6 3. d4 cxd4 4. Nxd4 Nf6 5. Nc3 Nc6 6. Ndb5 Bc5 7. Nd6+ Ke7
8. Nc4 d5 9. exd5 exd5 10. Na3 Re8 11. Bf4 d4 12. Ncb5 Kf8+ 13. Be2 Nd5 14.
Qd2 a6 15. c4 axb5 16. cxd5 Bb4 17. dxc6 Bxd2+ 18. Bxd2 d3 19. Bb4+ Kg8
{White resigns}
0-1

[Event "ICC tourney 1905 (10 3)"]
[Site "Internet Chess Club"]
[Date "2020.07.05"]
[Round "1"]
[White "GeneraLisimus"]
[Black "IAlwaysWin"]
[Result "1-0"]
[ICCResult "Black resigns"]
[WhiteElo "2877"]
[BlackElo "1534"]
[Opening "Caro-Kann defense"]
[ECO "B10"]
[NIC "CK.01"]
[Time "12:08:32"]
[TimeControl "600+3"]

1. e4 c6 2. Ne2 d5 3. e5 Bf5 4. Ng3 Bg6 5. h4 h6 6. h5 Bh7 7. e6 fxe6 8. d4
Nd7 9. Bd3 Bxd3 10. Qxd3 Qa5+ 11. Bd2 Qb6 12. Nc3 O-O-O 13. O-O-O e5 14.
dxe5 e6 15. f4 Nc5 16. Qf3 d4 17. Nce4 Na4 18. Qb3 Qxb3 19. axb3 Nc5 20.
Nxc5 Bxc5 21. Ne4 Bf8 22. g4 Rd7 23. Rhf1 Ne7 24. f5 exf5 25. gxf5 Rd5 26.
Rde1 Kb8 27. f6 Nc8 28. e6 gxf6 29. Nxf6 Bd6 30. Nxd5 {Black resigns} 1-0

[Event "ICC tourney 1905 (10 3)"]
[Site "Internet Chess Club"]
[Date "2020.07.05"]
[Round "1"]
[White "helavir"]
[Black "Xuanli28"]
[Result "1-0"]
[ICCResult "Black resigns"]
[WhiteElo "2193"]
[BlackElo "1649"]
[Opening "Sicilian: Canal-Sokolsky (Nimzovich-Rossolimo, Moscow) attack"]
[ECO "B51"]
[NIC "SI.01"]
[Time "12:08:39"]
[TimeControl "600+3"]

1. e4 c5 2. Nf3 d6 3. Bb5+ Nd7 4. c3 a6 5. Ba4 b5 6. Bc2 Bb7 7. O-O Ngf6 8.
Re1 Qc7 9. a4 b4 10. d3 a5 11. Nbd2 g6 12. d4 Bg7 13. Bd3 e5 14. dxe5 dxe5
15. Nc4 O-O 16. Qe2 Rfe8 17. Bd2 Nb6 18. Nxb6 Qxb6 19. Bg5 Nd7 20. Nd2 Qc7
21. Rac1 Bc6 22. cxb4 axb4 23. b3 f6 24. Be3 Bf8 25. Bb5 Bxb5 26. Qxb5 Reb8
27. Qe2 Rb6 28. Red1 Rc6 29. Nc4 Nb6 30. Nxb6 Qxb6 31. Qc4+ Kg7 32. Rd7+
{Black resigns}
1-0

[Event "ICC tourney 1905 (10 3)"]
[Site "Internet Chess Club"]
[Date "2020.07.05"]
[Round "1"]
[White "Wizard98"]
[Black "RagingKnightNC"]
[Result "1-0"]
[ICCResult "Black resigns"]
[WhiteElo "2225"]
[BlackElo "1642"]
[Opening "French: Winawer, advance, poisoned pawn variation"]
[ECO "C18"]
[NIC "FR.11"]
[Time "12:08:18"]
[TimeControl "600+3"]

1. e4 e6 2. d4 d5 3. Nc3 Bb4 4. e5 c5 5. a3 Bxc3+ 6. bxc3 Ne7 7. Qg4 Qc7 8.
Bd3 cxd4 9. Ne2 dxc3 10. Qxg7 Rg8 11. Qxh7 Nbc6 12. Bf4 Bd7 13. Qh5 O-O-O
14. Bg3 Ng6 15. f4 Rh8 16. Qf3 Nh4 17. Qf2 Nf5 18. Bxf5 exf5 19. Bh4 Rdg8
20. Bf6 Rh6 21. O-O a6 22. a4 Rhg6 23. g3 Nd8 24. Ra3 Kb8 25. Rxc3 Qa5 26.
Rc5 Qd2 27. Nd4 Ne6 28. Qxd2 {Black resigns} 1-0

[Event "ICC tourney 1905 (10 3)"]
[Site "Internet Chess Club"]
[Date "2020.07.05"]
[Round "1"]
[White "PushU2Blunders"]
[Black "Ktsuei1102"]
[Result "1-0"]
[ICCResult "Black resigns"]
[WhiteElo "2099"]
[BlackElo "1378"]
[Opening "Sicilian defense"]
[ECO "B32"]
[NIC "SI.32"]
[Time "12:08:24"]
[TimeControl "600+3"]

1. e4 c5 2. Nf3 Nc6 3. d4 cxd4 4. Nxd4 Qb6 5. Nb3 e6 6. Nc3 Nf6 7. Be3 Qc7
8. a3 Be7 9. f4 d6 10. Qf3 Bd7 11. O-O-O Rc8 12. g4 h6 13. Bd3 Na5 14. Kb1
Nxb3 15. cxb3 Bc6 16. Nb5 Bxb5 17. Bxb5+ Kf8 18. Rc1 Qb8 19. Bxa7 Qa8 20.
Rxc8+ Qxc8 21. Rc1 Qd8 22. e5 Nd5 23. f5 Kg8 24. fxe6 fxe6 25. Rf1 Qf8 26.
Qe4 Qd8 27. Qg6 {Black resigns} 1-0

[Event "ICC tourney 1905 (10 3)"]
[Site "Internet Chess Club"]
[Date "2020.07.05"]
[Round "1"]
[White "justinchess"]
[Black "andrewjiang2"]
[Result "1-0"]
[ICCResult "Black resigns"]
[WhiteElo "2157"]
[BlackElo "1102"]
[Opening "QGD: Ragozin variation"]
[ECO "D38"]
[NIC "NI.27"]
[Time "12:08:29"]
[TimeControl "600+3"]

1. Nf3 Nf6 2. c4 e6 3. Nc3 d5 4. d4 Bb4 5. Qb3 c5 6. dxc5 Bxc5 7. Bg5 dxc4
8. Qxc4 Qb6 9. e3 Nbd7 10. Rb1 O-O 11. Be2 Bb4 12. O-O Qc5 13. Rbc1 b6 14.
Qb3 Bxc3 15. Rxc3 Qd5 16. Bc4 Qd6 17. Rd1 Qe7 18. Bb5 Nc5 19. Qc2 Bb7 20. b4
Nce4 21. Rc7 Rac8 22. Rxe7 Rxc2 23. Rxb7 Nc3 24. Bd3 Rxa2 25. Rc1 Nfd5 26.
h3 Rc8 27. e4 Nxb4 28. Rxc3 Rd8 29. Bxd8 {Black resigns} 1-0

[Event "ICC tourney 1905 (10 3)"]
[Site "Internet Chess Club"]
[Date "2020.07.05"]
[Round "1"]
[White "investigator"]
[Black "Openyagami"]
[Result "0-1"]
[ICCResult "White resigns"]
[WhiteElo "1587"]
[BlackElo "2897"]
[Opening "English: symmetrical variation"]
[ECO "A37"]
[NIC "EO.28"]
[Time "12:08:18"]
[TimeControl "600+3"]

1. c4 c5 2. g3 Nc6 3. Bg2 g6 4. Nc3 Bg7 5. Nf3 d6 6. O-O Bf5 7. d3 Qd7 8.
Bd2 Bh3 9. a3 h5 10. Nd5 Bxg2 11. Kxg2 Bxb2 12. Rb1 Bg7 13. Qb3 e6 14. Nf4
b6 15. Bc3 Nf6 16. Qb2 e5 17. Nd5 Nxd5 18. cxd5 Nd4 19. Bxd4 exd4 20. e3 h4
21. exd4 h3+ 22. Kg1 O-O 23. Rfe1 Qf5 24. Qe2 Rae8 25. Qxe8 Rxe8 26. Rxe8+
Kh7 27. Nh4 Qxd5 28. Re4 g5 29. Nf3 f5 30. Nxg5+ Kh6 31. Rh4+ Kxg5 32. Rxh3
Bxd4 33. Rh7 Bxf2+ 34. Kxf2 Qa2+ 35. Ke3 Qxb1 36. Rxa7 d5 37. h4+ Kf6 38.
Ra8 Qe1+ 39. Kf3 Qf1+ 40. Ke3 d4+ 41. Kd2 Qg2+ 42. Kc1 Qxa8 {White resigns}
0-1

[Event "ICC tourney 1905 (10 3)"]
[Site "Internet Chess Club"]
[Date "2020.07.05"]
[Round "1"]
[White "GGuseinov"]
[Black "Venom2020"]
[Result "1-0"]
[ICCResult "Black resigns"]
[WhiteElo "3060"]
[BlackElo "1863"]
[Opening "Sicilian: closed, 2...Nc6"]
[ECO "B23"]
[NIC "SI.44"]
[Time "12:08:22"]
[TimeControl "600+3"]

1. e4 c5 2. Nc3 Nc6 3. Bb5 Nd4 4. Nf3 Nxb5 5. Nxb5 d6 6. d4 Nf6 7. Nc3 cxd4
8. Qxd4 e5 9. Qd3 Be7 10. Bg5 Be6 11. O-O-O a6 12. Bxf6 gxf6 13. Nd5 Rc8 14.
Nh4 Rc6 15. Nf5 Bxf5 16. exf5 O-O 17. Kb1 Kh8 18. Rhe1 Qd7 19. g4 Rg8 20. h3
b5 21. f4 Bd8 22. Re4 Qb7 23. Re2 Rc4 24. Re4 Rc5 25. fxe5 fxe5 26. h4 Bxh4
27. b4 Rc4 28. Rxc4 bxc4 29. Qxc4 Rc8 30. Qe4 a5 31. f6 Bg5 32. Qf5 Bf4 33.
Rh1 h6 34. g5 {Black resigns} 1-0

[Event "ICC tourney 1905 (10 3)"]
[Site "Internet Chess Club"]
[Date "2020.07.05"]
[Round "1"]
[White "bpovo1394"]
[Black "TjkTiger"]
[Result "0-1"]
[ICCResult "White resigns"]
[WhiteElo "1040"]
[BlackElo "2193"]
[Opening "Sicilian: Hungarian variation"]
[ECO "B27"]
[NIC "SI.43"]
[Time "12:08:20"]
[TimeControl "600+3"]

1. e4 c5 2. Nf3 g6 3. c4 Bg7 4. d4 cxd4 5. Nxd4 Qb6 6. Be3 Qxb2 7. Nd2 Qa3
8. Be2 Nc6 9. Nb5 Qa5 10. O-O Nf6 11. e5 Nxe5 12. Nb3 Qd8 13. Bf4 d6 14. c5
O-O 15. cxd6 exd6 16. Nxd6 Ne8 17. Nc4 Qe7 18. Re1 Nc6 19. Nd6 Be6 20. Bc4
Rd8 21. Nc5 Nxd6 22. Bxe6 Ne4 23. Qe2 Nxc5 24. Bxf7+ Qxf7 25. Rac1 Nd3
{White resigns}
0-1

[Event "ICC tourney 1905 (10 3)"]
[Site "Internet Chess Club"]
[Date "2020.07.05"]
[Round "1"]
[White "harkerchess"]
[Black "MrNormalName"]
[Result "0-1"]
[ICCResult "White resigns"]
[WhiteElo "1245"]
[BlackElo "1782"]
[Opening "French defense, Steiner variation"]
[ECO "A13"]
[NIC "EO.64"]
[Time "12:08:31"]
[TimeControl "600+3"]

1. c4 e6 2. e4 d5 3. exd5 exd5 4. d4 Nf6 5. Nc3 Be7 6. cxd5 Nxd5 7. Bc4 c6
8. Nge2 O-O 9. O-O Be6 10. Nxd5 Bxd5 11. Bxd5 Qxd5 12. Nc3 Qd7 13. Bf4 Na6
14. d5 Rad8 15. dxc6 Qxc6 16. Qg4 Nc5 17. Be3 Rfe8 18. Rad1 a6 19. Bxc5 Bxc5
20. Qh4 Be7 21. Qe4 Qxe4 22. Nxe4 f5 23. Nc3 Bf6 24. Rxd8 Rxd8 25. Rd1 Rc8
26. g3 Bxc3 27. Rc1 Kf7 28. bxc3 Ke6 29. Kf1 Kd5 30. Ke2 Kc4 31. Kd2 Rd8+
32. Kc2 Rd3 33. Rb1 Rxc3+ 34. Kd2 b5 35. Ra1 Rd3+ 36. Ke2 b4 37. Rc1+ Rc3
38. Rd1 Rc2+ 39. Rd2 Kc3 40. Rxc2+ Kxc2 {White resigns} 0-1

[Event "ICC tourney 1905 (10 3)"]
[Site "Internet Chess Club"]
[Date "2020.07.05"]
[Round "1"]
[White "danbron"]
[Black "NyzhnykIllia"]
[Result "0-1"]
[ICCResult "White resigns"]
[WhiteElo "1917"]
[BlackElo "1882"]
[Opening "Caro-Kann: classical, Spassky variation"]
[ECO "B19"]
[NIC "CK.12"]
[Time "12:08:19"]
[TimeControl "600+3"]

1. e4 c6 2. d4 d5 3. Nd2 dxe4 4. Nxe4 Bf5 5. Ng3 Bg6 6. h4 h6 7. Nf3 Nd7 8.
h5 Bh7 9. Bd3 Bxd3 10. Qxd3 e6 11. Bd2 Ngf6 12. O-O-O Be7 13. Ne4 Nxe4 14.
Qxe4 Nf6 15. Qe2 Qd5 16. Kb1 Qe4 17. Qxe4 Nxe4 18. Be1 Rd8 19. Ne5 Bf6 20.
f4 c5 21. c3 cxd4 22. Rxd4 Rxd4 23. cxd4 O-O 24. Bc3 Rd8 25. Rh3 Nd6 26. g4
Nb5 27. Rd3 Bh4 28. a4 Nc7 29. Kc2 Nd5 30. Bd2 Be7 31. Kd1 f6 32. Ng6 Bd6
33. Ke2 Kf7 34. Kf3 Rc8 35. Bc3 Rc4 36. a5 Ra4 37. Bd2 Ra1 38. Rb3 b6 39.
axb6 axb6 40. Ke4 Rg1 41. Kf3 Ke8 42. Be3 Rh1 43. Kg2 Rb1 44. Kf3 Kd7 45.
Ke4 Kc6 46. Bd2 b5 47. g5 Rh1 48. gxh6 gxh6 49. f5 exf5+ 50. Kxf5 Rxh5+ 51.
Ke6 Rh2 52. Bc1 h5 53. Bh6 h4 54. Bf8 Bxf8 55. Nxf8 h3 56. Ng6 Re2+ 57. Kf7
Re3 58. Rxe3 Nxe3 {White resigns} 0-1

[Event "ICC tourney 1905 (10 3)"]
[Site "Internet Chess Club"]
[Date "2020.07.05"]
[Round "1"]
[White "Venegas"]
[Black "destroyingeagle"]
[Result "1-0"]
[ICCResult "Black forfeits on time"]
[WhiteElo "1604"]
[BlackElo "1440"]
[Opening "Queen's Pawn"]
[ECO "A41"]
[NIC "QO.17"]
[Time "12:08:24"]
[TimeControl "600+3"]

1. d4 d6 2. Nf3 g6 3. c4 Bg7 4. Nc3 Nc6 5. d5 Ne5 6. Nxe5 Bxe5 7. f4 Bg7 8.
e4 c5 9. Be2 a6 10. Be3 Rb8 11. O-O Bd7 12. a4 b6 13. g4 f6 14. e5 fxe5 15.
f5 gxf5 16. gxf5 Nf6 17. Bh5+ Kf8 18. Be2 Be8 19. Qd2 Bh5 20. Bxh5 Nxh5 21.
Ne4 Rg8 22. Kh1 Bf6 23. Rg1 Kf7 24. Qe2 Ng7 25. Bh6 Qf8 26. Ng5+ Bxg5 27.
Rxg5 Ke8 28. Rag1 Qf7 29. Bxg7 Kd7 30. Qh5 Qxh5 31. Rxh5 Rbe8 32. Rxh7 Kc7
33. f6 b5 34. f7 {Black forfeits on time} 1-0

[Event "ICC tourney 1905 (10 3)"]
[Site "Internet Chess Club"]
[Date "2020.07.05"]
[Round "1"]
[White "gmRohde"]
[Black "chessmate09520"]
[Result "1-0"]
[ICCResult "Black checkmated"]
[WhiteElo "1723"]
[BlackElo "1378"]
[Opening "Sicilian: accelerated fianchetto, Mar?czy bind, 6.Be3"]
[ECO "B38"]
[NIC "QP.10"]
[Time "12:08:17"]
[TimeControl "600+3"]

1. Nf3 c5 2. c4 g6 3. d4 cxd4 4. Nxd4 Nc6 5. e4 Bg7 6. Be3 Nf6 7. Nc3 O-O 8.
Be2 d6 9. O-O Be6 10. Nxe6 fxe6 11. f4 Qa5 12. Kh1 Rfd8 13. Rc1 d5 14. cxd5
exd5 15. exd5 Nxd5 16. Nxd5 Qxd5 17. Qxd5+ Rxd5 18. Bc4 e6 19. Bxd5 exd5 20.
b3 d4 21. Bd2 Bh6 22. g3 Kf7 23. Rfe1 Rd8 24. b4 a6 25. a4 Rd5 26. Rc5 Rxc5
27. bxc5 Bf8 28. Rb1 Nd8 29. Ba5 Nc6 30. Rxb7+ Ke6 31. Bd2 h5 32. Rb6 Kd5
33. Rxa6 Bxc5 34. Kg2 d3 35. Rxc6 Kxc6 36. Kf3 Kd5 37. a5 Kc4 38. Ke4 Bf2
39. Ke5 Kb3 40. a6 Kc2 41. Bb4 Bc5 42. Bxc5 d2 43. a7 d1=Q 44. a8=Q Qd7 45.
Qe4+ Kc1 46. Qxg6 Qc7+ 47. Bd6 Qc3+ 48. Ke6 Qc4+ 49. Ke7 Qe2+ 50. Be5 Qxh2
51. f5 h4 52. Qh6+ Kb1 53. Qxh4 Qf2 54. Qd4 Qxf5 55. Qb2# {Black checkmated}
1-0

[Event "ICC tourney 1905 (10 3)"]
[Site "Internet Chess Club"]
[Date "2020.07.05"]
[Round "1"]
[White "Kiwimonster31"]
[Black "JosephLevine"]
[Result "0-1"]
[ICCResult "White checkmated"]
[WhiteElo "1476"]
[BlackElo "1558"]
[Opening "French: Tarrasch, closed variation"]
[ECO "C05"]
[NIC "FR.17"]
[Time "12:08:20"]
[TimeControl "600+3"]

1. e4 e6 2. d4 d5 3. Nd2 Nf6 4. e5 Nfd7 5. c3 c5 6. Bd3 Nc6 7. Ne2 Qb6 8.
Nf3 cxd4 9. cxd4 f6 10. exf6 Nxf6 11. O-O Bd6 12. Nc3 O-O 13. Re1 e5 14.
dxe5 Ng4 15. exd6 Qxf2+ 16. Kh1 Rxf3 17. Re8+ Rf8 18. Rxf8+ Kxf8 19. Qf1 Kg8
20. h3 Nce5 21. hxg4 Nxg4 22. Bf4 Qxb2 23. Nxd5 Nf2+ 24. Kh2 Nxd3 25. Ne7+
Kh8 26. Qxd3 Qxa1 27. Nxc8 Rxc8 28. d7 Rd8 29. Bc7 Qf6 30. Bxd8 Qxd8 31. Qf5
Kg8 32. Qe6+ Kf8 33. Qd6+ Kf7 34. g3 h5 35. Kg2 b5 36. Qd5+ Ke7 37. Qxb5
Qxd7 38. Qxh5 Qd2+ 39. Kh3 Qxa2 40. Qe5+ Qe6+ 41. Qxe6+ Kxe6 42. Kg4 a5 43.
Kf4 a4 44. Ke3 a3 45. Kd2 a2 46. Kc2 a1=Q 47. Kb3 Qg1 48. Ka2 Qxg3 49. Ka1
Kd5 50. Ka2 Kc4 51. Ka1 Qg2 52. Kb1 Kc3 53. Ka1 Qb2# {White checkmated} 0-1

[Event "ICC tourney 1905 (10 3)"]
[Site "Internet Chess Club"]
[Date "2020.07.05"]
[Round "1"]
[White "Kokoro"]
[Black "taupuri"]
[Result "1-0"]
[ICCResult "Black checkmated"]
[WhiteElo "1787"]
[BlackElo "1395"]
[Opening "QGD semi-Slav: anti-Meran gambit"]
[ECO "D44"]
[NIC "SL.07"]
[Time "12:08:31"]
[TimeControl "600+3"]

1. d4 d5 2. c4 c6 3. Nf3 Nf6 4. Nc3 e6 5. Bg5 dxc4 6. e4 b5 7. e5 h6 8. Bh4
g5 9. Nxg5 hxg5 10. Bxg5 Nbd7 11. exf6 Bb7 12. g3 Qb6 13. Bg2 O-O-O 14. O-O
Bd6 15. a4 a6 16. axb5 cxb5 17. d5 e5 18. b3 Qd4 19. Qc1 Kb8 20. Be3 Qg4 21.
Ne4 Bf8 22. bxc4 Rc8 23. Nd2 Nxf6 24. Qb2 Qh5 25. h4 b4 26. Bg5 Nd7 27. Bh3
Rc7 28. Bxd7 Rxd7 29. Qxe5+ Bd6 30. Qf5 Rc7 31. Ne4 Bf8 32. Nf6 Qg6 33. Qe5
Bg7 34. c5 Bxf6 35. Bxf6 Rh5 36. Qe8+ Rc8 37. Be5+ Ka7 38. Qe7 Qf5 39. c6
Kb6 40. Qxb4+ Ka7 41. Qxb7# {Black checkmated} 1-0

[Event "ICC tourney 1905 (10 3)"]
[Site "Internet Chess Club"]
[Date "2020.07.05"]
[Round "1"]
[White "ganzy"]
[Black "nicochasin"]
[Result "0-1"]
[ICCResult "White checkmated"]
[WhiteElo "1388"]
[BlackElo "1738"]
[Opening "Sicilian: Taimanov variation"]
[ECO "B49"]
[NIC "SI.40"]
[Time "12:08:19"]
[TimeControl "600+3"]

1. e4 c5 2. Nf3 e6 3. d4 cxd4 4. Nxd4 Nc6 5. Nc3 Qc7 6. Be3 a6 7. Be2 Bb4 8.
O-O Nf6 9. Na4 Ba5 10. Nxc6 Qxc6 11. e5 Nd5 12. c4 Nxe3 13. fxe3 O-O 14. Qb3
Qe4 15. Rad1 Qxe5 16. Nb6 Bxb6 17. Qxb6 d5 18. Bf3 dxc4 19. Rd8 g6 20. Rxf8+
Kxf8 21. Bxb7 Rb8 22. Qd8+ Kg7 23. Bxc8 Rxb2 24. Qd7 Qxe3+ 25. Kh1 Rf2 26.
Rg1 c3 27. Bxa6 c2 28. Qc7 Rd2 29. Rf1 Rd1 30. Qxc2 Rd2 31. Qc4 h5 32. Qc7
Rf2 33. Rxf2 Qxf2 34. Qc3+ Kh7 35. a4 Qa2 36. h3 Qxa4 37. Bd3 Qf4 38. Qc5 e5
39. Kg1 e4 40. Be2 e3 41. Qa7 Qf2+ 42. Kh2 Qxe2 43. Qxf7+ Kh6 44. h4 Qf2 45.
Qe6 Qxh4+ 46. Kg1 Qf2+ 47. Kh2 e2 48. Qe5 e1=Q 49. Qh8+ Kg5 50. Qd8+ Qf6 51.
Qd5+ Qee5+ 52. Qxe5+ Qxe5+ 53. Kh3 h4 54. g3 Qxg3# {White checkmated} 0-1

[Event "ICC tourney 1905 (10 3)"]
[Site "Internet Chess Club"]
[Date "2020.07.05"]
[Round "1"]
[White "ickyquarter"]
[Black "manest"]
[Result "0-1"]
[ICCResult "White checkmated"]
[WhiteElo "1714"]
[BlackElo "2784"]
[Opening "Caro-Kann: Tartakower (fantasy) variation"]
[ECO "B12"]
[NIC "CK.02"]
[Time "12:08:27"]
[TimeControl "600+3"]

1. e4 c6 2. d4 d5 3. f3 e6 4. Nc3 Nf6 5. e5 Nfd7 6. Nb1 f6 7. exf6 Qxf6 8.
f4 c5 9. c3 Nc6 10. Nf3 g6 11. g3 cxd4 12. cxd4 Bg7 13. Be3 Nb6 14. Na3 O-O
15. Bh3 Bd7 16. O-O Rac8 17. Re1 Qe7 18. Bf2 Rfe8 19. Ng5 Qf6 20. Nf3 Bf8
21. Nc2 Nc4 22. b3 Na3 23. Nxa3 Bxa3 24. Ng5 Bb2 25. Rb1 Bxd4 26. Bxd4 Nxd4
27. Re5 Nc6 28. Re2 h6 29. Nf3 Kg7 30. Ne5 Nxe5 31. Rxe5 Rc6 32. Rxd5 exd5
33. Bxd7 Re3 34. Bxc6 bxc6 35. Rc1 Re6 36. Qd3 h5 37. Rc2 Kh7 38. Kg2 Kh6
39. Kg1 Qe7 40. Kg2 a5 41. f5 gxf5 42. Qxf5 Rf6 43. Qd3 Kg7 44. Re2 Qc5 45.
Rc2 Qb4 46. Re2 h4 47. Qe3 Qg4 48. Qe7+ Rf7 49. Qe5+ Kh7 50. Qe3 h3+ 51. Kg1
Qg6 52. Qc1 d4 53. Qd1 Qf5 54. Rd2 Kg8 55. Qe1 Qd5 56. Qe8+ Kg7 57. Qe1 c5
58. Qd1 Qe4 59. Re2 Qf3 60. Qe1 Qd5 61. Rd2 a4 62. bxa4 c4 63. Qe2 Kf8 64.
Qe1 d3 65. Rf2 Qd4 66. Kf1 d2 67. Rxf7+ Kxf7 68. Qd1 Kg7 69. Ke2 c3 70. a5
Qc4+ 71. Kf2 c2 72. Qxd2 c1=Q 73. Qd7+ Qf7+ 74. Qxf7+ Kxf7 75. a6 Qc6 76. a7
Qa8 77. a4 Qxa7+ 78. Kf3 Qxa4 79. Kf2 Qc2+ 80. Kf3 Qxh2 81. Kg4 Qg2 82. Kh4
h2 83. g4 Kg6 84. g5 h1=Q# {White checkmated} 0-1

[Event "ICC tourney 1905 (10 3)"]
[Site "Internet Chess Club"]
[Date "2020.07.05"]
[Round "1"]
[White "Sina101"]
[Black "davika21"]
[Result "1-0"]
[ICCResult "Black resigns"]
[WhiteElo "1496"]
[BlackElo "1567"]
[Opening "QGD: exchange, positional line"]
[ECO "D35"]
[NIC "QO.16"]
[Time "12:08:14"]
[TimeControl "600+3"]

1. d4 d5 2. c4 e6 3. Nc3 Nf6 4. cxd5 exd5 5. Bg5 Be7 6. e3 c6 7. Bd3 O-O 8.
Qc2 Nbd7 9. Nge2 Re8 10. O-O Nf8 11. f3 h6 12. Bh4 Ne6 13. Rad1 b6 14. Kh1
Bb7 15. Bf2 c5 16. Bb5 Rf8 17. dxc5 bxc5 18. Rd2 Qb6 19. Rfd1 Rfd8 20. a4 a6
21. Bd3 Rac8 22. Bf5 Nf8 23. Bxc8 Rxc8 24. Nf4 Rd8 25. Nfxd5 Nxd5 26. Nxd5
Bxd5 27. Rxd5 Rxd5 28. Rxd5 Ne6 29. b3 Bf6 30. Qd3 g6 31. h3 Kg7 32. Be1 Qb7
33. Rd7 Qc8 34. Rd6 Nc7 35. Qc4 Be5 36. Bc3 Bxc3 37. Qxc3+ Kh7 38. Qxc5 Qb8
39. Rb6 Qd8 40. Rd6 Qb8 41. Rd7 Qxb3 42. Qxc7 Qb1+ 43. Kh2 {Black resigns}
1-0

[Event "ICC tourney 1905 (10 3)"]
[Site "Internet Chess Club"]
[Date "2020.07.05"]
[Round "1"]
[White "musk6868"]
[Black "espark"]
[Result "1-0"]
[ICCResult "Black resigns"]
[WhiteElo "1778"]
[BlackElo "1730"]
[Opening "Robatsch defense"]
[ECO "B06"]
[NIC "KF.05"]
[Time "12:08:22"]
[TimeControl "600+3"]

1. e4 g6 2. d4 Bg7 3. Nc3 a6 4. Be3 d6 5. Qd2 b5 6. Bd3 Nd7 7. Nf3 Bb7 8.
O-O c5 9. dxc5 Nxc5 10. Bd4 Bxd4 11. Nxd4 Nf6 12. Nf3 O-O 13. Rae1 b4 14.
Nd5 Nxd5 15. exd5 Bxd5 16. Ng5 e6 17. Qf4 h6 18. Ne4 Bxe4 19. Bxe4 Kg7 20.
Bxa8 Qxa8 21. Qxd6 Rc8 22. Qe5+ Kg8 23. Rd1 Qc6 24. Rfe1 a5 25. Qf6 Qc7 26.
h4 h5 27. Rd4 Nd7 28. Qe7 Nb6 29. Qxc7 Rxc7 30. Re2 Nd5 31. g3 Kg7 32. Rd3
Rc4 33. Kg2 Kf6 34. a3 Rc5 35. axb4 axb4 36. Rf3+ Kg7 37. Rd3 Ra5 38. c4
bxc3 39. bxc3 Rc5 40. Rb2 Rc4 41. Rb7 Rxc3 42. Rxc3 Nxc3 43. Ra7 Nd5 44. Rb7
Kf6 45. Ra7 Kg7 46. Rb7 Nf6 47. Ra7 Ne4 48. Kf3 Nc3 49. Kg2 Kf8 50. f3 Nd5
51. Kf2 Kg7 52. Rb7 Kf8 53. Ke2 Ne7 54. Kf2 Nf5 55. Ra7 Nd6 56. Rd7 Nf5 57.
Ra7 e5 58. Rb7 Kg7 59. Ra7 Kf6 60. Rb7 Ke6 61. Ra7 Nd6 62. Ra6 f5 63. Rb6
Kd5 64. Rb8 Ke6 65. Rg8 Kf7 66. Rd8 Ke7 67. Ra8 e4 68. f4 Ne8 69. Ra7+ Kf6
70. Ke3 Nd6 71. Ra6 Ke6 72. Kd4 Ke7 73. Ke5 Nf7+ 74. Kd5 Nh8 75. Ra7+ Kf6
76. Ra6+ Kg7 77. Ke6 e3 78. Ra7+ Kh6 79. Ra3 e2 80. Re3 Kg7 81. Rxe2 Nf7 82.
Rd2 Nh6 83. Rd7+ Kh8 84. Kf6 {Black resigns} 1-0

[Event "ICC tourney 1905 (10 3)"]
[Site "Internet Chess Club"]
[Date "2020.07.05"]
[Round "1"]
[White "GutsyEdge"]
[Black "dopolian"]
[Result "0-1"]
[ICCResult "White checkmated"]
[WhiteElo "1092"]
[BlackElo "2080"]
[Opening "Benoni: classical with e4 and Nf3"]
[ECO "A70"]
[NIC "BI.38"]
[Time "12:08:21"]
[TimeControl "600+3"]

1. d4 Nf6 2. c4 c5 3. d5 e6 4. Nc3 exd5 5. cxd5 d6 6. e4 g6 7. Nf3 Bg4 8.
Qa4+ Nbd7 9. Nd2 g5 10. e5 dxe5 11. Nde4 Nxe4 12. Nxe4 h6 13. Nxg5 hxg5 14.
Qxg4 Be7 15. d6 Bxd6 16. Bxg5 Qa5+ 17. Bd2 Qb6 18. Bc3 O-O-O 19. O-O-O Kb8
20. Bc4 Rhf8 21. Rd2 f5 22. Qd1 Rf6 23. f4 e4 24. Bxf6 Nxf6 25. g3 e3 26.
Rd3 Ne4 27. Qe2 Nf2 28. Rhd1 Nxd1 29. Rxd1 Re8 30. Rd3 Qc7 31. Kc2 Qe7 32.
Bb5 Qe4 33. Kc1 Re6 34. Bd7 Rf6 35. Rxe3 Qh1+ 36. Kc2 a6 37. h4 Qd5 38. Be6
Qd4 39. Qd3 Qa4+ 40. Bb3 Qc6 41. Qd5 Qc7 42. a4 Ka7 43. Re6 Rxe6 44. Qxe6 b5
45. Bd5 c4 46. axb5 axb5 47. Qf7 Be7 48. Qg8 Kb6 49. Qe6+ Ka7 50. h5 Qc5 51.
Qd7+ Kb6 52. Qb7+ Ka5 53. Qa8+ Kb6 54. Qb7+ Ka5 55. h6 Bf6 56. Kb1 Qf2 57.
Qa8+ Kb6 58. Qc6+ Ka5 59. Qxf6 Qe1+ 60. Ka2 Qd1 61. Qc3+ b4 62. Qxc4 Qa4+
63. Kb1 Qd1+ 64. Qc1 Qxd5 65. h7 b3 66. h8=Q Qe4+ 67. Ka1 Qa4+ 68. Kb1 Qa2#
{White checkmated}
0-1